cohdb
Replays
Latest Replays
All Replays
Popular Replays
Top Player Replays
Match Explorer
How It Works
Community
CoH3 Stats
Reddit
Sign in to upload your games and track your stats! →
Sign in with Steam
Match 41716080
Unlisted
Match 41716080
Overview
Messages
Build Orders
End
Construct Barracks
Selects Heavy Weapons
Riflemen Squad
Riflemen Squad
Riflemen Squad
Construct Weapon Support Center
Bazooka Squad
Construct Medical Station
Selects Assault Carriers
Selects Exchangeable Parts
Mechanized Support Center
Engineer Squad
M3 Assault Carrier
Designate Forward Repair Station
M1 Mortar Team
M1918 Browning Automatic Rifles
Bazooka Squad
Construct Tank Depot
Riflemen Squad
Bazooka Squad
M4A1 Sherman Medium Tank
Selects M26 Pershing Heavy Tank
Windsor
WilfredWarrior
women are objects
Rogue
Unsafe
10bones88
0
0
Comments
sign in to comment!
No comments posted yet!